 Dungeon Crawl Stone Soup version 0.24-a0-471-g3302cd442e (webtiles) character file.

Game seed: 7520088695832516089

37859 deorigin the Carver (level 13, -13/95 HPs)
             Began as a Demonspawn Gladiator on July 4, 2019.
             Was a High Priest of Wu Jian.
             Mangled by a tyrant leech (21 damage)
             ... on level 6 of the Lair of Beasts.
             The game lasted 01:21:27 (22830 turns).

deorigin the Carver (Demonspawn Gladiator)         Turns: 22830, Time: 01:21:28

Health: -13/95     AC: 18    Str: 20    XL:     13   Next: 60%
Magic:  0/25       EV: 10    Int:  9    God:    Wu Jian [*****.]
Gold:   1168       SH: 11    Dex: 15    Spells: 23/28 levels left

rFire    . . .     SeeInvis .   e - +2 scimitar (flame)
rCold    + . .     Gourm    .   D - +0 buckler
rNeg     . . .     Faith    .   w - +1 chain mail {rC+}
rPois    +         Spirit   +   c - +1 helmet
rElec    .         Reflect  .   Y - +2 cloak
rCorr    .         Harm     .   X - +0 pair of gloves
MR       .....                  (no boots)
Stlth    ..........             r - amulet of the acrobat
HPRegen  0.25/turn              E - ring of poison resistance
MPRegen  0.19/turn              o - ring of wizardry

@: confusing touch
A: talons 2, large bone plates 2, demonic guardian 2, magic shield
a: Wall Jump, Serpent's Lash, Heavenly Storm, Renounce Religion


You were on level 6 of the Lair of Beasts.
You worshipped Wu Jian.
Wu Jian was extremely pleased with you.
You were not hungry.

You visited 3 branches of the dungeon, and saw 17 of its levels.
You also visited: Ossuary.

You collected 1168 gold pieces.

Inventory:

Hand Weapons
 a - a +1 long sword
 e - a +2 scimitar of flaming (weapon)
 H - a +1 dagger of draining
 K - a +0 dagger of venom
 Q - a +4 dagger
 V - a +0 rapier
Missiles
 s - 19 javelins (quivered)
 x - 44 poisoned darts
 F - 6 boomerangs of dispersal
 W - a throwing net
Armour
 c - a +1 helmet (worn)
 k - a +0 chain mail
 m - a +0 ring mail
 w - a +1 chain mail of cold resistance (worn)
 D - a +0 buckler (worn)
 M - a +3 leather armour of cold resistance
 P - a +3 leather armour of magic resistance
 X - a +0 pair of gloves (worn)
 Y - a +2 cloak (worn)
Jewellery
 o - a ring of wizardry (right hand)
 p - an uncursed amulet of rage
 r - an amulet of the acrobat (around neck)
 E - a ring of poison resistance (left hand)
 N - an uncursed ring of protection from fire
Wands
 b - a wand of disintegration (16)
 g - a wand of digging (8)
 j - a wand of iceblast (6)
 B - a wand of enslavement (4)
 T - a wand of acid (24)
Scrolls
 h - 3 scrolls of immolation
 q - 7 scrolls of remove curse
 v - 4 scrolls of blinking
 y - 2 scrolls of teleportation
 L - a scroll of identify
 R - 4 scrolls of enchant weapon
 S - 4 scrolls of magic mapping
 Z - a scroll of silence
Potions
 i - 2 potions of magic
 l - 2 potions of agility
 n - 2 potions of haste
 t - 3 potions of cancellation
 u - a potion of flight
 z - 3 potions of resistance
 C - 2 potions of berserk rage
 G - 2 potions of might
 I - 2 potions of heal wounds
 J - 5 potions of lignification
 O - a potion of ambrosia
 U - a potion of curing
Miscellaneous
 A - a phial of floods
Comestibles
 d - 7 chunks of flesh
 f - 28 rations


   Skills:
 - Level 6.7 Fighting
 - Level 14.2 Long Blades
 - Level 1.7 Throwing
 - Level 7.2 Armour
 - Level 5.2 Dodging
 - Level 6.1 Stealth
 - Level 4.2 Shields
 - Level 8.0 Spellcasting
 - Level 6.9 Hexes
 + Level 1.5 Summonings
 + Level 1.3 Ice Magic


You had 23 spell levels left.
You knew the following spells:

 Your Spells              Type           Power        Failure   Level  Hunger
a - Confusing Touch       Hex            ###...       3%          1    None
b - Summon Ice Beast      Ice/Summ       #.......     96%         4    ####...

Your spell library contained the following spells:

 Spells                   Type           Power        Failure   Level  Hunger
 Slow                     Hex            ###.....     5%          2    ##.....
 Confuse                  Hex            ###.....     11%         3    ###....
 Summon Small Mammal      Summ           #...         30%         1    None
 Summon Guardian Golem    Hex/Summ       ##......     30%         3    ###....
 Dazzling Spray           Conj/Hex       #.....       38%         3    ###....
 Call Imp                 Summ           #.......     41%         2    ##.....
 Animate Skeleton         Necr           N/A          50%         1    None
 Magic Dart               Conj           #...         50%         1    None
 Pain                     Necr           #...         50%         1    None
 Blink                    Tloc           N/A          63%         2    ##.....
 Searing Ray              Conj           #.....       63%         2    ##.....
 Call Canine Familiar     Summ           #.......     65%         3    ###....
 Recall                   Summ/Tloc      N/A          75%         3    ###....
 Fulminant Prism          Conj/Hex       #.........   78%         4    ####...
 Conjure Flame            Conj/Fire      #.......     85%         3    ###....
 Gell's Gravitas          Tloc           #.........   85%         3    ###....
 Mephitic Cloud           Conj/Pois/Air  #.......     85%         3    ###....
 Regeneration             Chrm/Necr      #.........   85%         3    ###....
 Vampiric Draining        Necr           #.........   85%         3    ###....
 Summon Mana Viper        Hex/Summ       ##......     94%         5    ######.
 Metabolic Englaciation   Hex/Ice        ##........   95%         5    ######.
 Summon Lightning Spire   Summ/Air       #.......     98%         4    ####...
 Yara's Violent Unravell  Hex/Tmut       #.........   98%         5    ######.
 Animate Dead             Necr           N/A          99%         4    ####...
 Force Lance              Conj/Tloc      #.......     99%         4    ####...
 Iskenderun's Mystic Bla  Conj           #.......     99%         4    ####...
 Petrify                  Tmut/Erth      #.......     99%         4    ####...
 Aura of Abjuration       Summ           #.........   100%        5    ######.
 Summon Demon             Summ           #.........   100%        5    ######.
 Summon Forest            Summ/Tloc      #.........   100%        5    ######.
 Shadow Creatures         Summ           N/A          100%        6    #######


Dungeon Overview and Level Annotations

Branches:
Dungeon (10/15)            Temple (1/1) D:7            Lair (6/6) D:9
  Swamp (0/4) Lair:4       Spider (0/4) Lair:4        Slime (0/5) Lair:5
    Orc: D:9-12

Altars:
Ashenzari
Cheibriados
Dithmenos
Elyvilon
Fedhas
Gozag
Nemelex Xobeh
Okawaru
Ru
Sif Muna
Trog
Uskayaw
Vehumet
Wu Jian
Yredelemnul
The Shining One

Shops:
D:9 %

Annotations:
D:10 1 runed translucent door, Ratty's ghost, novice MiMo
Lair:6 akello96's ghost, journeyman DEFE


Innate Abilities, Weirdness & Mutations

You have razor-sharp toenails.
You are mostly covered in large bone plates. (SH +6)
A demonic guardian rushes to your aid.
When hurt, damage is shared between your health and your magic reserves.


Message History

The tyrant leech bites you!
* * * LOW HITPOINT WARNING * * *
The tyrant leech draws strength from your injuries!
You closely miss the tyrant leech.
The tyrant leech is severely wounded.
You block the swamp worm's attack.
Unknown command.
You closely miss the tyrant leech. You claw the tyrant leech!
The tyrant leech is almost dead.
The tyrant leech bites you!
* * * LOW HITPOINT WARNING * * *
The tyrant leech draws strength from your injuries!
The swamp worm bites you.
* * * LOW HITPOINT WARNING * * *
Casting: Confusing Touch (safe; 3% risk of failure)
Confirm with . or Enter, or press ? or * to list all spells.
Your hands begin to glow red.
The tyrant leech seems less confused.
The swamp worm bites you but does no damage.
The tyrant leech bites you!!
You die...

#####..### #PP....
#.###....PP.P# #......
#..........P.##### #..P...
P................####.....
...................##..#..
.....................#####
.............<.........#..
..........w............##.
.........@.............###
........w............#.P##
....................#####
#.................##
.............)..P.#
##..............P##
##....).......
P............ # ......# ##


You could see a tyrant leech and a swamp worm.

Vanquished Creatures
  3 hydras
  Erica (D:9)
  Nergalle (D:10)
  5 wizards (D:10)
  A lindwurm (Lair:3)
  2 moths of wrath
  8 elephants
  2 black mambas
  Joseph (D:9)
  10 spiny frogs
  2 komodo dragons
  2 rime drakes
  A polar bear (Lair:6)
  4 tyrant leeches (Lair:6)
  6 blink frogs
  Prince Ribbit (D:7)
  4 hippogriffs
  2 wyverns
  A tarantella (Lair:4)
  13 yaks
  2 basilisks (Lair:3)
  A hungry ghost (D:7)
  6 swamp worms (Lair:6)
  9 porcupines
  11 water moccasins
  An orc warrior (D:6)
  A black bear (Lair:1)
  2 sky beasts
  A necrophage (D:8)
  20 wolves
  5 ogres
  6 centaurs
  11 crocodiles
  An elf zombie (Ossuary)
  A big kobold (D:4)
  10 bullfrogs
  4 scorpions
  A wight (D:7)
  7 howler monkeys
  3 electric eels (D:10)
  3 bullfrog zombies
  8 crimson imps
  8 jellies
  3 centaur zombies
  A hound (D:9)
  A human zombie (Ossuary)
  6 orc wizards
  A bullfrog skeleton (D:9)
  3 orc priests
  Natasha (twice) (D:2)
  Terence (D:2)
  5 iguanas
  8 worker ants
  A killer bee zombie (D:5)
  2 hound skeletons
  A mummy (Ossuary)
  9 gnolls
  A howler monkey skeleton (D:7)
  14 adders
  4 shadow imps
  11 oozes
  An adder skeleton (D:9)
  3 worms (D:3)
  5 dart slugs
  6 leopard geckos
  22 orcs
  A ball python (D:5)
  5 bats
  9 giant cockroaches
  6 hobgoblins
  8 jackals
  15 kobolds
  8 quokkas
  4 frilled lizards
  4 goblins
  10 rats
373 creatures vanquished.

Vanquished Creatures (collateral kills)
  Rupert (Lair:5)
  Nessos (Lair:5)
  2 hydras
  A two-headed ogre (D:8)
  2 wizards (D:10)
  10 elephants
  Maurice (D:9)
  A torpor snail (Lair:6)
  A black mamba (Lair:6)
  A spiny frog (Lair:2)
  2 komodo dragons
  A rime drake (Lair:6)
  A tyrant leech (Lair:6)
  A hippogriff (D:6)
  6 blink frogs
  13 yaks
  2 basilisks
  Menkaure (D:4)
  A swamp worm (Lair:6)
  4 water moccasins
  A porcupine (Lair:4)
  A sky beast (D:6)
  2 necrophages (D:7)
  An ogre (D:6)
  2 ice beasts
  14 wolves (Lair:1)
  A centaur (D:5)
  3 crocodiles
  3 elf zombies (Ossuary)
  A bullfrog (D:10)
  3 howler monkeys
  2 crimson imps (D:7)
  4 centaur zombies (Ossuary)
  A human zombie (Ossuary)
  Natasha (D:2)
  A worker ant (D:6)
  2 mummies (Ossuary)
  3 adders
  A shadow imp (D:6)
  3 orcs (D:7)
  A jackal skeleton (D:7)
  A kobold (D:4)
105 creatures vanquished.

Vanquished Creatures (others)
  4 elephants (Lair:5)
  7 fungi
  9 plants
20 creatures vanquished.

Grand Total: 498 creatures vanquished

Notes
Turn   | Place    | Note
-------+----------+-------------------------------------------
     0 | D:1      | deorigin the Demonspawn Gladiator began the quest for the
                  | Orb.
     0 | D:1      | Reached XP level 1. HP: 16/16 MP: 1/1
    18 | D:1      | Reached skill level 3 in Long Blades
    24 | D:1      | Gained mutation: You are partially covered in large bone
                  | plates. (SH +4) [demonic ancestry]
    24 | D:1      | Reached XP level 2. HP: 22/22 MP: 2/2
   720 | D:2      | Noticed Natasha
   722 | D:2      | Noticed a crimson imp
   749 | D:2      | Killed Natasha
   749 | D:2      | Reached skill level 4 in Long Blades
   749 | D:2      | Gained mutation: You are mostly covered in large bone
                  | plates. (SH +6) [demonic ancestry]
   749 | D:2      | Reached XP level 3. HP: 14/27 MP: 3/3
  1151 | D:2      | Gained mutation: A weak demonic guardian rushes to your
                  | aid. [demonic ancestry]
  1151 | D:2      | Reached XP level 4. HP: 28/33 MP: 4/4
  1385 | D:2      | Found a snail-covered altar of Cheibriados.
  1406 | D:2      | Reached skill level 5 in Long Blades
  1711 | D:2      | Noticed Natasha
  1736 | D:2      | Killed Natasha
  1742 | D:2      | Gained mutation: A demonic guardian rushes to your aid.
                  | [demonic ancestry]
  1742 | D:2      | Reached XP level 5. HP: 32/38 MP: 5/5
  1764 | D:2      | Noticed Natasha
  1775 | D:2      | Killed Natasha
  1926 | D:2      | Noticed Terence
  1950 | D:2      | Killed Terence
  2392 | D:2      | Found a snail-covered altar of Cheibriados.
  3074 | D:2      | Found a snail-covered altar of Cheibriados.
  3708 | D:3      | Found a basalt altar of Yredelemnul.
  3883 | D:3      | Reached skill level 6 in Long Blades
  4344 | D:3      | Gained mutation: When hurt, damage is shared between your
                  | health and your magic reserves. [demonic ancestry]
  4344 | D:3      | Reached XP level 6. HP: 44/44 MP: 6/6
  4351 | D:3      | Found a shadowy altar of Dithmenos.
  5059 | D:4      | Noticed Menkaure
  5073 | D:4      | Killed Menkaure
  5073 | D:4      | Reached skill level 7 in Long Blades
  5474 | D:5      | Entered Level 5 of the Dungeon
  5525 | D:5      | Reached XP level 7. HP: 42/50 MP: 5/7
  5558 | D:5      | Found a sand-covered staircase.
  5567 | Ossuary  | Entered an ossuary
  5633 | Ossuary  | Reached skill level 8 in Long Blades
  6247 | D:5      | Reached XP level 8. HP: 52/56 MP: 6/8
  6253 | D:5      | Reached skill level 9 in Long Blades
  6477 | D:5      | Found a shattered altar of Ashenzari.
  6734 | D:5      | Found a hide-covered altar of Uskayaw.
  7095 | D:6      | Reached skill level 10 in Long Blades
  7175 | D:6      | Noticed a hippogriff
  7228 | D:6      | Reached skill level 1 in Armour
  7350 | D:6      | Killed a hippogriff
  7552 | D:5      | Noticed a rust devil
  7552 | D:5      | Noticed a rust devil
  7901 | D:7      | Noticed Prince Ribbit
  7917 | D:6      | Reached XP level 9. HP: 48/61 MP: 6/9
  8261 | D:7      | Killed Prince Ribbit
  8261 | D:7      | Reached skill level 5 in Fighting
  8538 | D:7      | Reached skill level 1 in Stealth
  8592 | D:7      | Found a staircase to the Ecumenical Temple.
  8741 | Temple   | Entered the Ecumenical Temple
  8848 | Temple   | Became a worshipper of the Wu Jian Council
  9079 | D:7      | Found an opulent altar of Gozag.
  9359 | D:8      | Found a glowing golden altar of the Shining One.
  9733 | D:8      | Learned a level 1 spell: Confusing Touch
  9762 | D:8      | Reached skill level 1 in Hexes
 10067 | D:8      | Noticed a two-headed ogre
 10076 | D:8      | Killed a two-headed ogre
 10076 | D:8      | Reached XP level 10. HP: 74/74 MP: 10/10
 10138 | D:8      | Found an iron altar of Okawaru.
 10391 | D:8      | Reached skill level 5 in Armour
 10638 | D:8      | Reached * piety under Wu Jian
 10734 | D:8      | Reached skill level 1 in Spellcasting
 11331 | D:9      | Noticed Maurice
 11341 | D:9      | Killed Maurice
 11466 | D:9      | Found Moddulah's Food Emporium.
 11808 | D:9      | Noticed Erica
 11835 | D:9      | Killed Erica
 11996 | D:9      | Noticed Joseph
 12016 | D:9      | Killed Joseph
 12073 | D:9      | Found a sacrificial altar of Ru.
 12140 | D:9      | Found a staircase to the Lair.
 12325 | D:9      | Found a radiant altar of Vehumet.
 12325 | D:9      | Found a deep blue altar of Sif Muna.
 12326 | D:9      | Found a bloodstained altar of Trog.
 12376 | D:10     | Entered Level 10 of the Dungeon
 12484 | D:10     | Noticed Nergalle
 12687 | D:10     | Found the +3 warlock's mirror {reflect}
 12687 | D:10     | Noticed a wizard
 12699 | D:10     | Killed a wizard
 12699 | D:10     | Noticed a wizard
 13564 | D:10     | Noticed a wizard
 13565 | D:10     | Noticed a wizard
 13573 | D:10     | Killed a wizard
 13573 | D:10     | Reached skill level 11 in Long Blades
 13580 | D:10     | Killed a wizard
 13613 | D:10     | Noticed a wizard
 13616 | D:10     | Noticed a wizard
 13617 | D:10     | Killed a wizard
 13617 | D:10     | Gained mutation: You have sharp toenails. [demonic
                  | ancestry]
 13617 | D:10     | Reached XP level 11. HP: 80/80 MP: 18/18
 13623 | D:10     | Killed a wizard
 13625 | D:10     | Noticed a wizard
 13634 | D:10     | Killed a wizard
 13634 | D:10     | Reached ** piety under Wu Jian
 13700 | D:10     | Killed a wizard
 13940 | D:10     | Found a runed translucent door.
 13940 | D:10     | Noticed Ratty's ghost (novice MiMo)
 14180 | D:10     | Identified the +4 flail "Qorhi" {holy, +Rage +Fly rPois rF-
                  | Dex+6}
 14224 | D:10     | Killed Nergalle
 14224 | D:10     | Reached skill level 12 in Long Blades
 14777 | Lair:1   | Entered Level 1 of the Lair of Beasts
 14815 | Lair:1   | Reached skill level 5 in Spellcasting
 15368 | Lair:1   | Reached *** piety under Wu Jian
 15401 | Lair:1   | Reached skill level 5 in Hexes
 16408 | Lair:2   | Gained mutation: You have razor-sharp toenails. [demonic
                  | ancestry]
 16408 | Lair:2   | Reached XP level 12. HP: 80/86 MP: 20/23
 16912 | Lair:3   | Reached **** piety under Wu Jian
 16984 | Lair:3   | Noticed a five-headed hydra
 16993 | Lair:3   | Killed a one-headed hydra
 17776 | Lair:3   | Reached skill level 13 in Long Blades
 18116 | Lair:4   | Noticed a seven-headed hydra
 18121 | Lair:4   | Killed a seven-headed hydra
 18575 | Lair:4   | Found a staircase to the Swamp.
 18736 | Lair:4   | Noticed an eight-headed hydra
 18754 | Lair:4   | Killed a six-headed hydra
 18971 | Lair:4   | Found a hole to the Spider Nest.
 19425 | Lair:5   | Noticed Nessos
 19445 | Lair:5   | Killed Nessos
 19556 | Lair:5   | Reached skill level 14 in Long Blades
 19659 | Lair:5   | Noticed Rupert
 19660 | Lair:5   | Paralysed by Rupert for 7 turns
 19669 | Lair:5   | Killed Rupert
 19735 | Lair:5   | Noticed a four-headed hydra
 19743 | Lair:5   | Killed a three-headed hydra
 19743 | Lair:5   | Reached XP level 13. HP: 93/93 MP: 25/25
 19806 | Lair:5   | Found a staircase to the Slime Pits.
 19959 | Lair:5   | Reached ***** piety under Wu Jian
 20038 | Lair:5   | Reached skill level 5 in Dodging
 20667 | Lair:6   | Entered Level 6 of the Lair of Beasts
 20703 | Lair:6   | Reached skill level 1 in Shields
 21878 | Lair:6   | Reached skill level 5 in Stealth
 22188 | Lair:6   | Noticed akello96's ghost (journeyman DEFE)
 22302 | Lair:6   | Learned a level 4 spell: Summon Ice Beast
 22481 | Lair:6   | Reached skill level 1 in Summonings
 22702 | Lair:6   | Reached skill level 1 in Ice Magic
 22830 | Lair:6   | Mangled by a tyrant leech

Levels and vault maps discovered:
D:1:      dpeg_arrival_round_c, layout_loops_ring
D:2:      layout_loops_corners, cheibriados_altar_1, minmay_domino_2,
          uniq_natasha, uniq_terence
D:3:      layout_basic, grunt_dithmenos_smoke_and_mirrors,
          yredelemnul_altar_generic, st_stairs_12
D:4:      cheibrodos_thug_alley, layout_basic, uniq_menkaure
D:5:      cheibrodos_iron_armory, layout_basic, kennysheep_little_box,
          nicolae_ossuary_entry_ruins, first_ration,
          nicolae_ashenzari_panopticon
D:6:      minmay_clustersquares, layout_layer_cave
D:7:      layout_layer_cave, kennysheep_mini_moat,
          minmay_temple_entry_sparse_star, minmay_joined_circles,
          uniq_prince_ribbit1
D:8:      minmay_weird_star, layout_layer_cave, nicolae_overflow_crystal_walls,
          hangedman_little_slice_of_home, okawaru_altar_gauntlet_db
D:9:      layout_basic, overflow_temple_1_default,
          gammafunk_temple_overflow_claw, dpeg_oklobed_lair, serial_shops, shop,
          uniq_erica, uniq_joseph, uniq_maurice
D:10:     minmay_smoke_and_mirrors, layout_basic,
          hellmonk_ghost_happy_afterlife, uniq_nergalle
Temple:   minmay_temple_forest_path
Lair:1:   layout_cave_shapes, grunt_forest_large_clearings, grunt_megastairs_3,
          infiniplex_staircase_pool_2
Lair:2:   layout_gridlike, lemuel_old_faithful
Lair:3:   layout_loops_ring, serial_bayou_shore_b
Lair:4:   layout_cave_pods, swamp_mist, spider_nest_entry_rubble,
          beast_lair_carwin_11, lemuel_fruit_fields
Lair:5:   layout_gridlike, nicolae_slime_entry_slimehenge, uniq_nessos,
          uniq_rupert
Lair:6:   grunt_lair_end_beastmaster, layout_cave_pods, gammafunk_ghost_icy,
          worms_lemuel

Skill      XL: |  1  2  3  4  5  6  7  8  9 10 11 12 13 |
---------------+----------------------------------------+-----
Long Blades    | 3 4 5 6 7 8 10 11 12 14 | 14.2
Armour         | 4 6 7 |  7.2
Fighting       | 5 6 |  6.7
Stealth        | 3 6 |  6.1
Dodging        | 3 4 5 |  5.2
Hexes          | 2 3 5 6 |  6.9
Spellcasting   | 4 7 8 |  8.0
Shields        | 4 |  4.2
Summonings     | 1 |  1.5
Ice Magic      | 1 |  1.3
Throwing       | |  1.7

Action                   |  1- 3 |  4- 6 |  7- 9 | 10-12 | 13-15 || total
-------------------------+-------+-------+-------+-------+-------++-------
Melee: Long sword        |    61 |   260 |   438 |   214 |       ||   973
       Dagger            |       |       |    48 |    48 |    66 ||   162
       Spear             |       |       |     8 |       |       ||     8
       Scimitar          |       |       |       |   586 |   364 ||   950
       Kick              |       |       |       |   193 |   187 ||   380
Throw: Throwing net      |     1 |     1 |     2 |       |       ||     4
       Dart              |       |     4 |     5 |       |       ||     9
       Boomerang         |       |       |    32 |     5 |       ||    37
 Cast: Confusing Touch   |       |       |       |    78 |    70 ||   148
Invok: Lunge             |       |       |     5 |    68 |    25 ||    98
       Whirlwind         |       |       |       |    27 |    23 ||    50
  Use: Scroll            |       |    11 |     5 |    19 |     2 ||    37
       Potion            |       |       |       |     6 |       ||     6
 Stab: Confused          |       |       |       |    53 |    45 ||    98
       Distracted        |       |       |       |     3 |     2 ||     5
  Eat: Chunk             |     1 |     9 |    12 |    16 |    10 ||    48
       Ration            |       |     2 |     1 |     5 |       ||     8
Armor: Ring mail         |     9 |    13 |       |       |       ||    22
       Leather armour    |     3 |       |       |       |       ||     3
       Chain mail        |       |   109 |   191 |   361 |   114 ||   775
Dodge: Dodged            |    29 |    76 |   178 |   225 |    59 ||   567
Block: Other             |     6 |    97 |    98 |   193 |    10 ||   404
       Buckler           |       |       |       |       |   112 ||   112
       Rpst.: Long sword |     9 |    28 |    41 |    22 |       ||   100
       Scimitar          |       |       |       |    29 |    13 ||    42

Table legend:
 A = Non-vault XP
 B = Vault XP
 C = Vault XP percentage of total XP
 D = Non-vault monster count
 E = Vault monster count
 F = Vault count percentage of total count
                 A         B        C        D         E       F
            +---------+---------+-------+---------+---------+-------
      Total |   34415 |   19670 |  36.4 |     341 |     137 |  28.7
            +---------+---------+-------+---------+---------+-------
        D:1 |      38 |       0 |   0.0 |      17 |       0 |   0.0
        D:2 |     175 |      83 |  32.2 |      22 |       5 |  18.5
        D:3 |     108 |       0 |   0.0 |      31 |       0 |   0.0
        D:4 |     114 |     148 |  56.5 |       9 |       8 |  47.1
        D:5 |     412 |       0 |   0.0 |      15 |       0 |   0.0
        D:6 |     662 |     569 |  46.2 |      22 |       9 |  29.0
        D:7 |     668 |     871 |  56.6 |      23 |      13 |  36.1
        D:8 |    1763 |     198 |  10.1 |      27 |      14 |  34.1
        D:9 |    1278 |    1497 |  53.9 |      24 |       3 |  11.1
       D:10 |    1282 |    4200 |  76.6 |      24 |       8 |  25.0
     Lair:1 |    2493 |    2926 |  54.0 |      15 |      34 |  69.4
     Lair:2 |    2389 |       0 |   0.0 |      12 |       0 |   0.0
     Lair:3 |    6273 |       0 |   0.0 |      25 |       0 |   0.0
     Lair:4 |    2829 |     832 |  22.7 |      12 |       4 |  25.0
     Lair:5 |    7976 |    3737 |  31.9 |      27 |       7 |  20.6
     Lair:6 |    5955 |    4141 |  41.0 |      36 |      17 |  32.1
    Ossuary |       0 |     468 | 100.0 |       0 |      15 | 100.0
            +---------+---------+-------+---------+---------+-------
